 Dungeon Crawl Stone Soup version 0.31-a0-185-g9dded2c639 (webtiles) character file.

Game seed: 1281874882854519457

3103 qw the Markself (level 9, -7/52 HPs)
             Began as a Deep Elf Hunter on June 22, 2023.
             Was a Follower of Okawaru.
             Killed by the air
             ... invoked by Gastronok
              (25 damage)
             ... on level 8 of the Dungeon.
             The game lasted 00:02:04 (5540 turns).

qw the Markself (Deep Elf Hunter)                   Turns: 5540, Time: 00:02:04

Health: -7/52      AC: 11    Str: 12    XL:     9   Next: 59%
Magic:  13/14      EV: 16    Int: 15    God:    Okawaru [*.....]
Gold:   440        SH:  0    Dex: 18    Spells: 8/8 levels left

rFire   . . .        a - +9 arbalest of the Big Bang {flame, rPois}
rCold   + . .        (shield currently unavailable)
rNeg    . . .        j - +0 ring mail
rPois   +            m - +2 helmet
rElec   .            (no cloak)
rCorr   .            (no gloves)
SInv    +            h - +1 pair of boots
Will    .....        (no amulet)
Stlth   +++          d - ring of protection from cold
HPRegen 0.28/turn    n - ring of see invisible
MPRegen 0.14/turn

%: no passive effects
@: heroic
A: no striking features
a: Renounce Religion, Heroism


You were on level 8 of the Dungeon.
You worshipped Okawaru.
Okawaru was aware of your devotion.
You visited 2 branches of the dungeon, and saw 9 of its levels.
You also visited: Sewer.

You collected 440 gold pieces.


   Skills:
 - Level 4.0(9.0) Fighting
 + Level 15.3(20.3) Ranged Weapons
 - Level 1.0(6.0) Armour
 - Level 5.0(10.0) Dodging
 - Level 1.2(6.2) Stealth
 - Level 4.2 Invocations


You had 8 spell levels left.
You didn't know any spells.
Your spell library was empty.

Inventory:

Hand Weapons
 a - the +9 arbalest of the Big Bang (weapon) {flame, rPois}
   (You acquired it on level 1 of the Dungeon)

   rPois:     It protects you from poison.
Armour
 h - a +1 pair of boots (worn)
 i - the +5 robe of Misfortune {Harm *Corrode *Slow EV+5}
   (You took it off a hobgoblin on level 3 of the Dungeon)

   EV:        It affects your evasion (+5).
   *Corrode:  It may corrode you when you take damage.
   *Slow:     It may slow you when you take damage.
   Harm:      It increases damage dealt and taken.
 j - a +0 ring mail (worn)
 m - a +2 helmet (worn)
Jewellery
 d - a ring of protection from cold (left hand)
 n - a ring of see invisible (right hand)
Wands
 q - a wand of digging (4)
Scrolls
 e - 2 scrolls of identify
 g - 3 scrolls of enchant weapon
Potions
 b - 7 potions of heal wounds
 c - a potion of resistance
 k - a potion of mutation
 l - a potion of might
 o - a potion of haste
 p - a potion of curing {unknown}

Dungeon Overview and Level Annotations

Branches:
Dungeon (8/15)             Temple (1/1) D:5           Sewer (visited)
   Lair: D:8-11

Altars:
Ashenzari
Cheibriados
Dithmenos
Elyvilon
Fedhas
Gozag
Hepliaklqana
Kikubaaqudgha
Makhleb
Nemelex Xobeh
Okawaru
Qazlal
Ru
Sif Muna
Trog
Uskayaw
Vehumet
Wu Jian
Xom
Yredelemnul
Zin
The Shining One

Shops:
D:1 :   D:7 :

Portals:
Bailey: D:7

Annotations:
D:5 3 runed translucent doors, qw's ghost, novice GrFi
D:8 Gastronok


Message History

Enter note:
Enter note: You shoot a bolt.
The bolt hits the orc!
The bolt burns the orc.
You kill the orc!
Okawaru accepts your kill.
Gastronok the Ponderous comes into view.
Enter note:
Enter note:
Enter note:
Enter note:
5534 ||| INVOKING Heroism.
You gain the combat prowess of a mighty hero.
You shoot a bolt.
Gastronok gurgles horribly!
The bolt hits Gastronok!
The bolt burns Gastronok.
Gastronok is lightly wounded.
You shoot a bolt. The bolt hits Gastronok!
The bolt burns Gastronok.
Gastronok is lightly wounded.
You shoot a bolt. The bolt hits Gastronok!!
The bolt burns Gastronok.
Gastronok is moderately wounded.
Gastronok's eyestalks stretch out, then return to normal size.
You shoot a bolt. The bolt hits Gastronok!
The bolt burns Gastronok.
Gastronok is moderately wounded.
A centaur comes into view.
You shoot a bolt. The centaur shouts!
The bolt hits Gastronok!
The bolt burns Gastronok.
Gastronok is heavily wounded.
The centaur wields a +0 orcbow.
The centaur shoots an arrow.
The arrow closely misses you.
Gastronok waves his eye-stalks in wide circles.
The air twists around and strikes you!!
The centaur shoots an arrow.
The arrow hits you!
You shoot a bolt. The bolt hits Gastronok.
The bolt burns Gastronok.
Gastronok is heavily wounded.
The centaur shoots an arrow.
The arrow closely misses you.
The centaur shoots an arrow.
The arrow hits you but does no damage.
Gastronok waves his eye-stalks in wide circles.
The air twists around and strikes you!!
You die...

#...# ## 7. #..##
# 77. #..#
#####...#######..#
....))......?...##
#............####
#.......###...#
#......####)..#
#......@......# #
.w.....^......# #
....###########
#### c.. .... .
.... .... ....
.... ....


You could see Gastronok and a centaur.

Vanquished Creatures
  Pikel (D:8)
  A wyvern (D:8)
  Sigmund (D:2)
  4 sky beasts
  An orc warrior (D:7)
  3 black bears
  2 ice beasts
  An ogre (D:5)
  A lemure (D:8)
  2 kobold brigands (Sewer)
  A bullfrog (D:7)
  2 scorpions
  5 wights (D:7)
  2 howler monkeys
  A jelly (D:4)
  2 sleepcaps
  2 hounds
  A gnoll bouda (D:6)
  Ijyb (D:4)
  An orc wizard (D:7)
  3 iguanas
  10 gnolls
  11 adders
  2 shadow imps (D:4)
  4 white imps
  2 ufetubi (D:4)
  3 dart slugs
  2 worms (D:3)
  27 orcs
  8 ball pythons
  8 bats
  6 endoplasms
  2 giant cockroaches (D:3)
  11 hobgoblins
  5 jackals (D:3)
  6 quokkas
  3 frilled lizards (D:1)
  8 goblins
  15 kobolds
  9 rats
180 creatures vanquished.

Notes
Turn   | Place    | Note
-------+----------+-------------------------------------------
     0 | D:1      | qw the Deep Elf Hunter began the quest for the Orb.
     0 | D:1      | Reached XP level 1. HP: 12/12 MP: 3/3
     0 | D:1      | 0 ||| qw: Version: 0.3-a-9-g12657ce
     0 | D:1      | 0 ||| qw: Game counter: 1797
     0 | D:1      | 0 ||| qw: Always use a shield: true
     0 | D:1      | 0 ||| qw: God list: Okawaru
     0 | D:1      | 0 ||| qw: Allow faded altars: false
     0 | D:1      | 0 ||| qw: Do Orc after D:15 true
     0 | D:1      | 0 ||| qw: Do second Lair branch before Depths: true
     0 | D:1      | 0 ||| qw: Lair rune preference: random
     0 | D:1      | 0 ||| qw: Plans: Normal
     0 | D:1      | 0 ||| PLANNING D:1-11
   143 | D:1      | Reached XP level 2. HP: 16/16 MP: 4/4
   202 | D:1      | Reached skill level 6 in Ranged Weapons
   396 | D:1      | HP: 4/16 [quokka (1)]
   589 | D:1      | Reached XP level 3. HP: 17/20 MP: 5/5
   630 | D:1      | Found Quifoem's Book Emporium.
   939 | D:1      | 939 ||| UPGRADING to +0 pair of boots.
   944 | D:1      | 944 ||| READING scroll labelled WYAGUO ISHUOC.
   945 | D:1      | 945 ||| READING scroll labelled VATALUOTAB.
   946 | D:1      | 946 ||| READING scroll labelled REUTIV HABYH.
   947 | D:1      | 947 ||| READING scroll labelled HOMEPH GIQAGA.
   947 | D:1      | Identified a scroll of acquirement
   947 | D:1      | 947 ||| ACQUIRING +9 arbalest of the Big Bang {flame,
                  | rPois}
   947 | D:1      | Acquired the +9 arbalest of the Big Bang {flame, rPois}
   949 | D:1      | 949 ||| SWAPPING to +9 arbalest of the Big Bang {flame,
                  | rPois}.
   950 | D:1      | 950 ||| DROPPING +1 shortbow.
   951 | D:1      | 951 ||| DROPPING scroll of butterflies.
  1069 | D:2      | Reached skill level 7 in Ranged Weapons
  1086 | D:2      | Noticed Sigmund
  1089 | D:2      | Killed Sigmund
  1090 | D:2      | Reached skill level 9 in Ranged Weapons
  1090 | D:2      | Reached XP level 4. HP: 25/25 MP: 6/6
  1090 | D:2      | Reached XP level 5. HP: 29/29 MP: 7/7
  1124 | D:2      | 1124 ||| READING scroll of enchant armour.
  1124 | D:2      | 1124 ||| ENCHANTING +0 pair of boots.
  1357 | D:2      | 1357 ||| UPGRADING to ring of protection from cold.
  1358 | D:2      | 1358 ||| READING 2 scrolls of identify.
  1358 | D:2      | 1358 ||| IDENTIFYING smoky clear potion
  1359 | D:2      | 1359 ||| DROPPING potion of degeneration.
  1371 | D:3      | 1371 ||| PLANNING SEWER
  1378 | D:3      | Reached skill level 3 in Dodging
  1575 | D:3      | Reached XP level 6. HP: 35/35 MP: 8/8
  1576 | D:3      | Found a glowing drain.
  1577 | D:3      | 1577 ||| READING scroll labelled ZEDUTU GEMUK.
  1583 | Sewer    | Entered a sewer
  1728 | Sewer    | 1728 ||| Stepping ~*~*~tactically~*~*~ (water).
  1740 | Sewer    | 1740 ||| Stepping ~*~*~tactically~*~*~ (water).
  1800 | Sewer    | Reached skill level 10 in Ranged Weapons
  1874 | Sewer    | 1874 ||| DRINKING 8 glowing red potions.
  1875 | Sewer    | 1875 ||| DRINKING 2 golden potions.
  1876 | Sewer    | 1876 ||| READING 3 scrolls of identify.
  1876 | Sewer    | 1876 ||| IDENTIFYING emerald potion
  1877 | Sewer    | 1877 ||| DROPPING potion of brilliance.
  1878 | Sewer    | 1878 ||| DROPPING potion of invisibility.
  1893 | D:3      | 1893 ||| PLANNING D:1-11
  2184 | D:3      | Found a faded altar of an unknown god.
  2333 | D:3      | 2333 ||| UPGRADING to +0 ring mail.
  2343 | D:3      | 2343 ||| DROPPING +0 leather armour.
  2344 | D:3      | 2344 ||| READING scroll labelled MIFUTESHRUE.
  2345 | D:3      | 2345 ||| READING scroll labelled GILIKH MYASEX.
  2346 | D:3      | 2346 ||| READING 3 scrolls of identify.
  2346 | D:3      | 2346 ||| IDENTIFYING bubbling brown potion
  2347 | D:3      | 2347 ||| READING 2 scrolls of identify.
  2347 | D:3      | 2347 ||| IDENTIFYING smoky yellow potion
  2348 | D:3      | 2348 ||| DROPPING potion of magic.
  2414 | D:4      | Noticed Ijyb
  2419 | D:4      | Killed Ijyb
  2420 | D:4      | Reached skill level 1 in Armour
  2453 | D:4      | Reached XP level 7. HP: 40/40 MP: 9/9
  2479 | D:4      | Found a stormy altar of Qazlal.
  2916 | D:4      | Reached skill level 11 in Ranged Weapons
  3085 | D:4      | 3085 ||| UPGRADING to +0 helmet.
  3090 | D:4      | 3090 ||| READING scroll labelled COSAAH ALALISTU.
  3091 | D:4      | 3091 ||| READING scroll labelled OCYOKKIKAWN.
  3092 | D:4      | 3092 ||| READING 2 scrolls of identify.
  3092 | D:4      | 3092 ||| IDENTIFYING puce potion
  3124 | D:5      | Entered Level 5 of the Dungeon
  3149 | D:5      | Found a staircase to the Ecumenical Temple.
  3150 | D:5      | 3150 ||| PLANNING TEMPLE
  3157 | Temple   | Entered the Ecumenical Temple
  3327 | Temple   | 3327 ||| PLANNING OKAWARU WORSHIP
  3762 | Temple   | Became a worshipper of Warmaster Okawaru
  3763 | Temple   | 3763 ||| PLANNING D:1-11
  3825 | D:5      | 3825 ||| READING scroll of enchant armour.
  3825 | D:5      | 3825 ||| ENCHANTING +0 helmet.
  3854 | D:5      | Reached skill level 12 in Ranged Weapons
  3876 | D:5      | Reached XP level 8. HP: 45/45 MP: 10/10
  3925 | D:5      | Found a runed translucent gate.
  3927 | D:5      | Found a runed translucent gate.
  3967 | D:5      | Reached skill level 3 in Fighting
  3977 | D:5      | 3977 ||| READING scroll of enchant armour.
  3977 | D:5      | 3977 ||| ENCHANTING +1 helmet.
  4118 | D:5      | Found a runed translucent gate.
  4123 | D:5      | Noticed qw's ghost (novice GrFi)
  4188 | D:5      | 4188 ||| READING scroll labelled ZADWOIPREJE.
  4206 | D:5      | 4206 ||| READING 2 scrolls of identify.
  4206 | D:5      | 4206 ||| IDENTIFYING smoky puce potion
  4388 | D:6      | Reached * piety under Okawaru
  4417 | D:6      | Reached skill level 1 in Invocations
  4635 | D:6      | 4635 ||| INVOKING Heroism.
  4739 | D:6      | 4739 ||| UPGRADING to ring of see invisible.
  4740 | D:6      | 4740 ||| READING scroll labelled MIMETOICKIO.
  4741 | D:6      | 4741 ||| READING scroll labelled NIPEEXZ ROCWOE.
  4742 | D:6      | 4742 ||| READING 2 scrolls of identify.
  4742 | D:6      | 4742 ||| IDENTIFYING bubbling silvery potion
  4751 | D:7      | Reached skill level 3 in Invocations
  4772 | D:7      | Identified the +4 quarterstaff of Niocemp {flame, Dex+2}
  4794 | D:7      | 4794 ||| INVOKING Heroism.
  4799 | D:7      | Reached skill level 13 in Ranged Weapons
  4819 | D:7      | Found a flagged portal.
  4824 | D:7      | Identified the +10 halberd of the Abyss {freeze, rElec}
  4864 | D:7      | Found Wosujyfaeph's Tiny Tomes.
  4996 | D:7      | 4996 ||| INVOKING Heroism.
  4998 | D:7      | Reached XP level 9. HP: 51/51 MP: 11/14
  5189 | D:7      | Reached skill level 14 in Ranged Weapons
  5283 | D:7      | 5283 ||| INVOKING Heroism.
  5284 | D:7      | 5284 ||| Stepping ~*~*~tactically~*~*~ (outnumbered).
  5352 | D:7      | 5352 ||| DROPPING ring of flight.
  5405 | D:8      | Noticed Pikel
  5406 | D:8      | 5406 ||| INVOKING Heroism.
  5409 | D:8      | Killed Pikel
  5410 | D:8      | Reached skill level 15 in Ranged Weapons
  5533 | D:8      | Noticed Gastronok
  5534 | D:8      | 5534 ||| INVOKING Heroism.
  5540 | D:8      | Killed from afar by Gastronok

Levels and vault maps discovered:
D:1:      saegor_arrival_simple_b, layout_loops_corners, serial_shops,
          nicolae_shop_just_a_little_nook, st_stairs_12, minmay_unequal
D:2:      layout_basic, uniq_sigmund
D:3:      layout_basic, gup_sewer_entry_bubbles,
          shapermc_ecumenical_altar_mp_vishouse
D:4:      layout_loops_corners, nicolae_qazlal_general_emergency,
          serial_demonic, serial_demonic_c, serial_demonic_g, serial_demonic_g,
          serial_demonic_g, uniq_ijyb
D:5:      layout_cave_pools, minmay_temple_entry_junction_2,
          gammafunk_ghost_necromancy
D:6:      layout_loops_ring
D:7:      layout_gridville, enter_bailey_2, nicolae_shop_i_like_small_books_too
D:8:      nzn_winding_woodlands_small [nzn_winding_woodlands_5x15_jagged,
          nzn_winding_woodlands_center_garden,
          nzn_winding_woodlands_5x15_split_checker], layout_layer_cave,
          uniq_pikel, uniq_gastronok, uniq_erica, uniq_maurice
Temple:   mainiacjoe_temple_starburst

Skill      XL: |  1  2  3  4  5  6  7  8  9 |
---------------+----------------------------+-----
Ranged Weapons | 6 9 10 12 13 15 | 15.3
Dodging        | 3 4 5 |  5.0
Fighting       | 2 3 4 |  4.0
Armour         | 1 |  1.0
Invocations    | 4 |  4.2
Stealth        | |  1.2

Action                     |  1- 3 |  4- 6 |  7- 9 || total
---------------------------+-------+-------+-------++-------
   Fire: Shortbow          |    73 |       |       ||    73
         Arbalest          |    10 |    95 |   162 ||   267
 Invoke: Heroism           |       |       |     6 ||     6
    Use: Scroll            |     4 |     8 |    10 ||    22
         Potion            |       |     2 |       ||     2
 Armour: Leather armour    |     4 |    11 |       ||    15
         Ring mail         |       |     1 |    15 ||    16
  Dodge: Dodged            |    16 |    20 |    20 ||    56

Table legend:
 A = Non-vault XP
 B = Vault XP
 C = Vault XP percentage of total XP
 D = Non-vault monster count
 E = Vault monster count
 F = Vault count percentage of total count
                 A         B        C        D         E       F
            +---------+---------+-------+---------+---------+-------
      Total |    2979 |    1454 |  32.8 |     137 |      42 |  23.5
            +---------+---------+-------+---------+---------+-------
        D:1 |      45 |      12 |  21.1 |      25 |       6 |  19.4
        D:2 |      33 |     226 |  87.3 |      14 |       1 |   6.7
        D:3 |      82 |      48 |  36.9 |      23 |       6 |  20.7
        D:4 |     201 |     108 |  35.0 |      16 |       8 |  33.3
        D:5 |     588 |       0 |   0.0 |      13 |       0 |   0.0
        D:6 |     503 |       0 |   0.0 |      12 |       0 |   0.0
        D:7 |    1464 |       0 |   0.0 |      30 |       0 |   0.0
        D:8 |      63 |     844 |  93.1 |       4 |       2 |  33.3
      Sewer |       0 |     216 | 100.0 |       0 |      19 | 100.0
            +---------+---------+-------+---------+---------+-------
